 Dungeon Crawl Stone Soup version 0.27.1-4-g1640c2035a (webtiles) character file.

Game seed: 16086849301810691737

14648 oldmanjim the Jinx (level 11, -2/63 HPs)
             Began as a Deep Elf Conjurer on Nov 12, 2021.
             Was an Initiate of Gozag.
             Slain by an efreet (3 damage)
             ... in a Gauntlet on Nov 13, 2021.
             The game lasted 02:52:02 (16679 turns).

oldmanjim the Jinx (Deep Elf Conjurer)             Turns: 16679, Time: 02:52:04

Health: -2/63      AC:  8    Str:  4    XL:     11   Next: 91%
Magic:  36/36      EV: 16    Int: 33    God:    Gozag
Gold:   2025       SH:  6    Dex: 13    Spells: 3/30 levels left

rFire    + + .     SeeInvis .   r - +0 dagger (spect)
rCold    + . .     Faith    .   n - +1 buckler
rNeg     . . .     Spirit   .   E - +2 robe {Archmagi}
rPois    +         Reflect  .   (no helmet)
rElec    +         Harm     .   l - +0 cloak
rCorr    +         Rampage  .   (no gloves)
Will     +....     Archmagi +   B - +2 pair of boots of the Thoughtful Wonders {rElec MP+9} Stlth +++.......NoTele +
                                (no amulet)
HPRegen  0.20/turn              C - ring of Hout {rElec rF+ rCorr}
MPRegen  0.25/turn              H - +6 ring of intelligence

@: resistant, gold aura, very slightly contaminated, invisible
A: no striking features
a: Renounce Religion, Potion Petition, Call Merchant, Bribe Branch


You were in a Gauntlet.
You worshipped Gozag.
Gozag was most pleased with you.
You visited 2 branches of the dungeon, and saw 12 of its levels.
You also visited: Gauntlet.

You collected 2486 gold pieces.
You paid 461 gold pieces to Gozag.

Inventory:

Hand Weapons
 a - a +2 short sword of venom
 r - a +0 spectral dagger (weapon)
Missiles
 p - 25 poisoned darts
 t - 13 boomerangs (quivered)
 v - 217 arrows
 I - 4 throwing nets
 L - 7 atropa-tipped darts
 P - 7 curare-tipped darts
Armour
 l - a +0 cloak (worn)
 n - a +1 buckler (worn)
 y - a +0 kite shield
 B - the +2 pair of boots of the Thoughtful Wonders (worn) {rElec MP+9}
   (You found it in a Gauntlet)

   rElec:     It insulates you from electricity.
   MP:        It affects your magic capacity (+9).
 E - a +2 robe of the Archmagi (worn)
 M - the +0 cloak of the Swamp {rElec rC++ rCorr Int-2}
   (You found it in a Gauntlet)

   Int:       It affects your intelligence (-2).
   rC:        It greatly protects you from cold.
   rElec:     It insulates you from electricity.
   rCorr:     It protects you from acid and corrosion.
 S - a +1 pair of boots
Magical Staves
 q - a staff of earth
 Q - a staff of death
Jewellery
 e - a ring of see invisible
 f - a ring of willpower
 g - a ring of wizardry
 u - a ring of resist corrosion
 z - a ring of protection from cold
 C - the ring of Hout (left hand) {rElec rF+ rCorr}
   (You found it in a Gauntlet)

   [ring of protection from fire]

   rF:        It protects you from fire.
   rElec:     It insulates you from electricity.
   rCorr:     It protects you from acid and corrosion.
 H - a +6 ring of intelligence (right hand)
Wands
 A - a wand of iceblast (7)
 G - a wand of paralysis (4)
 K - a wand of flame (17)
 T - a wand of polymorph (21)
Scrolls
 d - 2 scrolls of fear
 h - a scroll of fog
 k - 2 scrolls of amnesia
 m - 5 scrolls of teleportation
 o - a scroll of blinking
 D - 2 scrolls of magic mapping
Potions
 b - 2 potions of invisibility
 c - 2 potions of flight
 i - 2 potions of lignification {unknown}
 j - 2 potions of magic
 s - a potion of haste
 w - a potion of berserk rage
 x - 3 potions of brilliance
 J - 3 potions of heal wounds
 O - a potion of curing
 U - 2 potions of might {unknown}
Miscellaneous
 V - a box of beasts


   Skills:
 - Level 5.0 Fighting
 - Level 9.0 Dodging
 - Level 7.0 Stealth
 - Level 6.0 Shields
 + Level 10.3 Spellcasting
 - Level 7.0 Conjurations
 - Level 11.0 Hexes
 - Level 4.0 Ice Magic
 - Level 5.0 Poison Magic
 - Level 5.0 Evocations


You had 3 spell levels left.
You knew the following spells:

 Your Spells              Type           Power      Damage    Failure   Level
a - Magic Dart            Conj           100%       1d8       1%          1
b - Searing Ray           Conj           100%       3d7       1%          2
c - Dazzling Flash        Conj/Hex       100%       N/A       1%          3
d - Fulminant Prism       Conj/Hex       43%        3d20      1%          4
e - Poisonous Vapours     Pois/Air       100%       N/A       1%          2
f - Olgreb's Toxic Radia  Pois           66%        N/A       3%          4
g - Metabolic Englaciati  Hex/Ice        39%        N/A       3%          5
h - Invisibility          Hex            47%        N/A       4%          6

Your spell library contained the following spells:

 Spells                   Type           Power      Damage    Failure   Level
 Corona                   Hex            100%       N/A       1%          1
 Sting                    Tmut/Pois      100%       1d8       1%          1
 Ensorcelled Hibernation  Hex/Ice        100%       N/A       1%          2
 Inner Flame              Hex/Fire       68%        N/A       1%          3
 Ozocubu's Armour         Ice            60%        N/A       1%          3
 Summon Guardian Golem    Hex/Summ       68%        N/A       1%          3
 Tukima's Dance           Hex            94%        N/A       1%          3
 Summon Small Mammal      Summ           100%       N/A       2%          1
 Passwall                 Tmut/Erth      20%        N/A       4%          2
 Call Canine Familiar     Summ           25%        N/A       9%          3
 Swiftness                Air            25%        N/A       9%          3
 Cause Fear               Hex            47%        N/A       1%          4
 Iskenderun's Mystic Bla  Conj/Tloc      57%        2d12      6%          4
 Silence                  Hex/Air        34%        N/A       8%          5
 Agony                    Necr           25%        N/A       58%         5
 Simulacrum               Ice/Necr       22%        N/A       88%         6
 Discord                  Hex            47%        N/A       89%         8


Dungeon Overview and Level Annotations

Branches:
Dungeon (11/15)            Temple (1/1) D:5             Orc (0/2) D:9
Gauntlet (1/1)
   Lair: D:8-11

Altars:
Ashenzari
Cheibriados
Dithmenos
Elyvilon
Fedhas
Gozag
Hepliaklqana
Kikubaaqudgha
Makhleb
Nemelex Xobeh
Okawaru
Qazlal
Ru
Sif Muna
Trog
Uskayaw
Vehumet
Wu Jian
Xom
Yredelemnul
Zin
The Shining One

Shops:
D:9 [

Annotations:
D:5 1 runed translucent door, exclusion: door, zeram's ghost, novice HOFi
D:11 1 runed translucent door Gauntlet 11 transporters, 21 runed translucent doors, exclusion: 2 lightning spires


Message History

The hell hound misses you.
The helpless hell hound fails to defend itself.
You puncture the hell hound!
The hell hound is severely wounded.
The hell hound bites you but does no damage. x2
The hell hound completely misses you. The hell hound misses you.
The helpless hell hound fails to defend itself.
You puncture the hell hound!
You kill the hell hound!
You block the hell hound's attack.
The hell hound bites you but does no damage.
You block the hell hound's attack. The hell hound barely misses you.
You block the efreet's attack. The hell hound barely misses you.
The hell hound breathes flames at you. The blast of flame hits you. You resist.
The blast of flame hits you. You resist.
The blast of flame hits the hell hound but does no damage.
You see here 6 gold pieces.
Really walk into that dispersal trap?
You enter a dispersal trap!
The hell hound blinks!
You blink.
The hell hound bites you!
* * * LOW HITPOINT WARNING * * *
[a] - 448 gold - heal wounds, curing and magic [b] - 260 gold - heal wounds and magic [c] - 275 gold - curing and magic Purchase which effect?
You feel much better.
You feel better. Magic courses through your body.
The hell hound barely misses you.
The great orb of eyes is distracted by your dazzling golden aura.
The efreet drops a net on you.
You become entangled in the net!
The fire elemental hits you. The fire elemental burns you! You resist.
The hell hound bites you!
The hell hound enters a dispersal trap!
The fire elemental blinks!
You blink.
You resist.
* * * LOW HITPOINT WARNING * * *
The efreet hits you with a +4 scimitar of flaming!!
* * * LOW HITPOINT WARNING * * *
The efreet burns you.
You die...
Your body crumbles into a pile of gold.

≈...............§# #8#
######.#########.##########
.....#.#..§§§§.#.#.......≈#
.....#©#...§§§.#©#........###
##########...###########..#8#
...≈≈...)#...#.#h.#°...#..###
.≈≈.§≈§≈G#...#Eh#..#...#....#
≈..≈..G.≈#...##○○#h.#..#....###
≈.§.≈§§..#...#.#@☼#..#.###..#8#
.≈§..≈..©#...#©.#R.#©.##©#..###
u...≈§.≈=#...#.#..#..#.#.#..#
u.≈≈§.≈..#...##E.#E.#..#.#..###
≈≈≈.≈G§≈≈#...#°.#..#^..#.#..#8#
G.©.≈...?#...#?#^.#^...#.#..#####
##########...###########.#.......
...........≈...........#.#.......
######....≈8≈....#######.#######.


You could see an efreet, 3 fire elementals and 2 hell hounds.

Vanquished Creatures
  Snorg (D:10)
  Harold (D:7)
  Nergalle (D:10)
  2 wizards (Gauntlet)
  Pikel (D:6)
  An oklob plant (D:6)
  An ugly thing (D:7)
  Psyche (D:10)
  A kobold demonologist (D:7)
  2 trolls (D:10)
  A hornet (D:9)
  2 large abominations (Gauntlet)
  A wyvern (D:7)
  15 yaks
  A vampire mosquito (D:7)
  3 acid dragons
  A water moccasin (D:7)
  A hell hound (Gauntlet)
  3 orc warriors
  A black bear (D:6)
  2 ice beasts
  A necrophage (D:7)
  6 ogres
  A sky beast (D:5)
  13 centaurs
  3 kobold brigands
  Blork the orc (D:6)
  A gnoll sergeant (D:7)
  3 bullfrogs
  A wyvern zombie (D:9)
  2 scorpions (D:3)
  3 small abominations (Gauntlet)
  2 water moccasin skeletons (D:4)
  8 killer bees (D:7)
  9 wights
  A howler monkey (D:9)
  A lava snake (D:7)
  2 bullfrog zombies (D:7)
  A centaur zombie (D:10)
  7 hounds
  11 jellies
  5 orc priests
  3 bullfrog skeletons
  3 centaur skeletons
  2 gnoll shamans
  An iguana (D:5)
  12 orc wizards
  7 adders
  17 gnolls
  6 shadow imps
  A white imp (Gauntlet)
  An adder skeleton (D:4)
  4 worms
  30 orcs
  16 endoplasms
  3 giant cockroaches
  7 goblins
  5 hobgoblins
  2 quokkas
  7 ball pythons
  2 bats
  2 frilled lizards
  22 kobolds
  3 rats
281 creatures vanquished.

Vanquished Creatures (others)
  14 demonic plants (Gauntlet)
  20 fulminant prisms
  5 fungi (D:6)
  2 withered plants (D:5)
41 creatures vanquished.

Grand Total: 322 creatures vanquished

Notes
Turn   | Place    | Note
-------+----------+-------------------------------------------
     0 | D:1      | oldmanjim the Deep Elf Conjurer began the quest for the
                  | Orb.
     0 | D:1      | Reached XP level 1. HP: 10/10 MP: 6/6
   352 | D:1      | Reached XP level 2. HP: 15/15 MP: 5/8
   923 | D:2      | Learned a level 2 spell: Searing Ray
  1098 | D:2      | Reached XP level 3. HP: 19/19 MP: 2/10
  1600 | D:2      | Reached skill level 5 in Conjurations
  2029 | D:3      | Reached XP level 4. HP: 24/24 MP: 9/12
  2199 | D:3      | Noticed a scorpion
  2202 | D:3      | Killed a scorpion
  2203 | D:3      | Reached skill level 1 in Fighting
  2296 | D:3      | Found an opulent altar of Gozag.
  2324 | D:3      | Became a worshipper of Gozag Ym Sagoz the Greedy
  2478 | D:3      | Noticed a scorpion
  2485 | D:3      | Killed a scorpion
  2486 | D:3      | Reached skill level 1 in Shields
  2486 | D:3      | Reached XP level 5. HP: 29/29 MP: 7/13
  2490 | D:3      | Learned a level 3 spell: Dazzling Flash
  2861 | D:4      | Noticed an ogre
  2870 | D:4      | Killed an ogre
  2871 | D:4      | Reached XP level 6. HP: 23/34 MP: 4/14
  3081 | D:4      | Found an ornate altar of the Wu Jian Council.
  3387 | D:4      | Reached skill level 1 in Hexes
  3597 | D:4      | Reached XP level 7. HP: 38/38 MP: 8/15
  3604 | D:4      | Reached skill level 2 in Hexes
  3867 | D:4      | Found a white marble altar of Elyvilon.
  4089 | D:4      | Learned a level 4 spell: Fulminant Prism
  4398 | D:5      | Entered Level 5 of the Dungeon
  4433 | D:5      | Reached skill level 3 in Hexes
  4698 | D:5      | Reached skill level 4 in Hexes
  4888 | D:5      | Found a runed translucent door.
  4888 | D:5      | Noticed zeram's ghost (novice HOFi)
  5097 | D:5      | Found a staircase to the Ecumenical Temple.
  5183 | D:5      | Reached XP level 8. HP: 44/44 MP: 11/16
  5534 | D:5      | Reached skill level 5 in Stealth
  5594 | D:5      | Found a broken altar of Ashenzari.
  5652 | D:5      | Reached skill level 5 in Dodging
  5854 | D:5      | Reached skill level 5 in Spellcasting
  6035 | Temple   | Entered the Ecumenical Temple
  6388 | D:6      | Learned a level 2 spell: Poisonous Vapours
  6437 | D:6      | Noticed Blork the orc
  6446 | D:6      | Killed Blork the orc
  6447 | D:6      | Reached skill level 1 in Poison Magic
  6467 | D:6      | Noticed Pikel
  6484 | D:6      | Killed Pikel
  6596 | D:6      | Reached skill level 5 in Hexes
  6596 | D:6      | Reached XP level 9. HP: 48/48 MP: 14/20
  6726 | D:6      | Noticed an oklob plant
  7391 | D:6      | Reached skill level 5 in Poison Magic
  7463 | D:6      | Killed an oklob plant
  7588 | D:7      | Noticed Harold
  7592 | D:7      | Reached skill level 1 in Evocations
  7601 | D:7      | Killed Harold
  8030 | D:7      | Reached XP level 10. HP: 56/56 MP: 18/24
  8148 | D:7      | Reached skill level 5 in Shields
  8153 | D:7      | Learned a level 4 spell: Olgreb's Toxic Radiance
  8170 | D:7      | Noticed a green ugly thing
  8181 | D:7      | Killed a green ugly thing
  8591 | D:7      | Learned a level 5 spell: Metabolic Englaciation
  9665 | D:7      | Reached skill level 6 in Hexes
  9892 | D:7      | Found a hide-covered altar of Uskayaw.
 10476 | D:8      | Reached skill level 5 in Evocations
 10540 | D:8      | Reached skill level 7 in Hexes
 10564 | D:8      | Reached skill level 1 in Ice Magic
 12039 | D:9      | Found a staircase to the Orcish Mines.
 12410 | D:9      | Found Nyuduff's Armour Emporium.
 12486 | D:9      | Found a radiant altar of Vehumet.
 13035 | D:9      | Reached XP level 11. HP: 61/61 MP: 20/26
 13164 | D:10     | Entered Level 10 of the Dungeon
 13226 | D:10     | Reached skill level 8 in Hexes
 13769 | D:10     | Reached skill level 9 in Hexes
 13923 | D:10     | Noticed Psyche
 13936 | D:10     | Killed Psyche
 14307 | D:10     | Noticed Snorg
 14321 | D:10     | Killed Snorg
 14322 | D:10     | Reached skill level 5 in Fighting
 14688 | D:10     | Noticed Nergalle
 14693 | D:10     | Killed Nergalle
 15007 | D:10     | Reached skill level 10 in Hexes
 15349 | D:11     | Found a runed translucent door.
 15362 | D:11     | Noticed a green ugly thing
 15383 | D:10     | Learned a level 6 spell: Invisibility
 15697 | D:11     | Found a gate leading to a gauntlet.
 15707 | Gauntlet | Entered a Gauntlet
 15707 | Gauntlet | Found a transporter.
 15707 | Gauntlet | Found a transporter.
 15711 | Gauntlet | Found a transporter.
 15711 | Gauntlet | Found a transporter.
 15713 | Gauntlet | Found a large runed translucent door.
 15714 | Gauntlet | Found a large runed translucent door.
 15714 | Gauntlet | Noticed a large abomination
 15715 | Gauntlet | Found a large runed translucent door.
 15715 | Gauntlet | Found a large runed translucent door.
 15715 | Gauntlet | Found a runed translucent door.
 15716 | Gauntlet | Found a large runed translucent door.
 15717 | Gauntlet | Found a large runed translucent door.
 15718 | Gauntlet | Found a large runed translucent door.
 15718 | Gauntlet | Found a large runed translucent door.
 15718 | Gauntlet | Noticed a wizard
 15719 | Gauntlet | Found a runed translucent gate.
 15721 | Gauntlet | Found a transporter.
 15729 | Gauntlet | Noticed a cyan ugly thing
 15729 | Gauntlet | Noticed a brown ugly thing
 15731 | Gauntlet | Found a transporter.
 15731 | Gauntlet | Found a transporter.
 15734 | Gauntlet | Noticed a great orb of eyes
 15755 | Gauntlet | Found a transporter.
 15757 | Gauntlet | Found a runed translucent gate.
 15757 | Gauntlet | Found a runed translucent gate.
 15759 | Gauntlet | Found a large runed translucent door.
 15760 | Gauntlet | Found a large runed translucent door.
 15762 | Gauntlet | Found a transporter.
 15769 | Gauntlet | Noticed a wizard
 15774 | Gauntlet | Found a transporter.
 15781 | Gauntlet | Found a runed translucent door.
 15790 | Gauntlet | Found a large runed translucent door.
 15790 | Gauntlet | Found a large runed translucent door.
 15790 | Gauntlet | Found a large runed translucent door.
 15790 | Gauntlet | Found a large runed translucent door.
 15791 | Gauntlet | Found a large runed translucent door.
 15792 | Gauntlet | Found a transporter.
 15792 | Gauntlet | Found a large runed translucent door.
 15837 | Gauntlet | Found a transporter.
 15847 | Gauntlet | Found a transporter.
 15865 | Gauntlet | Found a transporter.
 15964 | Gauntlet | Found a transporter.
 15979 | Gauntlet | Noticed a ghost crab
 15986 | Gauntlet | Found a transporter.
 16156 | Gauntlet | Reached skill level 10 in Spellcasting
 16170 | Gauntlet | Killed a large abomination
 16456 | Gauntlet | Killed a wizard
 16457 | Gauntlet | Killed a wizard
 16458 | Gauntlet | Reached skill level 11 in Hexes
 16480 | Gauntlet | Identified the +2 pair of boots of the Thoughtful Wonders
                  | {rElec MP+9}
 16591 | Gauntlet | Identified the ring of Hout {rElec rF+ rCorr}
 16669 | Gauntlet | Identified the +0 cloak of the Swamp {rElec rC++ rCorr
                  | Int-2}
 16679 | Gauntlet | HP: 1/63 [efreet (18)]
 16679 | Gauntlet | Slain by an efreet

Illustrated notes

Levels and vault maps discovered:
D:1:      scummos_arrival_star, layout_loops_cross
D:2:      layout_loops_ring
D:3:      layout_basic, mainiacjoe_overflow_concentric_impassable
D:4:      layout_gridville, mainiacjoe_overflow_alcove_1,
          pdpol_wu_jian_five_deadly_venoms, minmay_checkerbox
D:5:      wander_river, layout_basic, mainiacjoe_overflow_six_doors_small,
          minmay_temple_entry_glassed_door, gammafunk_ghost_grave,
          minmay_misc_feat_room
D:6:      lemuel_slime, layout_rooms, uniq_blork_the_orc, uniq_pikel
D:7:      nzn_winding_woodlands_medium [nzn_winding_woodlands_5x5_three,
          nzn_winding_woodlands_5x15_jagged,
          nzn_winding_woodlands_5x5_closed_star,
          nzn_winding_woodlands_5x5_checkerboard,
          nzn_winding_woodlands_center_diamonds,
          nzn_winding_woodlands_hourglass, nzn_winding_woodlands_5x5_open_star,
          nzn_winding_woodlands_5x15_zeroes,
          nzn_winding_woodlands_5x5_perimeter], layout_layer_cave,
          nicolae_uskayaw_suspiria, eino_jars, uniq_harold
D:8:      layout_layer_cave
D:9:      layout_gridville, mainiacjoe_overflow_paths, orc_david_3
D:10:     layout_stronghold, centaur_isle, uniq_psyche, uniq_nergalle,
          uniq_snorg
D:11:     layout_irregular_city, lair_entry_dummy, gauntlet_entry_generic,
          minmay_statue_crystal_thing, uniq_fannar
Temple:   eino_temple_scatter_basement
Gauntlet: gammafunk_gauntlet_branching [gammafunk_gauntlet_arena_chambers,
          nicolae_gauntlet_arena_t_cross, nicolae_gauntlet_arena_blocks,
          gammafunk_gauntlet_arena_corners,
          minmay_gauntlet_arena_make_your_own_arena,
          gammafunk_gauntlet_arena_split_x,
          gammafunk_gauntlet_arena_arrow_garden,
          nicolae_gauntlet_arena_flowing_pool, gauntlet_exit_green]

Skill      XL: |  1  2  3  4  5  6  7  8  9 10 11 |
---------------+----------------------------------+-----
Dodging        | 3 4 6 7 8 9 |  9.0
Spellcasting   | 4 6 8 9 10 | 10.3
Conjurations   | 5 6 7 |  7.0
Stealth        | 3 4 5 6 7 |  7.0
Fighting       | 1 2 4 5 |  5.0
Shields        | 1 2 4 5 6 |  6.0
Hexes          | 1 4 5 7 11 | 11.0
Poison Magic   | 4 5 |  5.0
Evocations     | 2 5 |  5.0
Ice Magic      | 4 |  4.0

Action                   |  1- 3 |  4- 6 |  7- 9 | 10-12 || total
-------------------------+-------+-------+-------+-------++-------
Melee: Short sword       |       |       |     6 |     1 ||     7
       Dagger            |       |       |       |    13 ||    13
Throw: Boomerang         |       |       |     1 |     1 ||     2
 Cast: Magic Dart        |    64 |    49 |    97 |    87 ||   297
       Searing Ray       |     3 |    15 |    43 |    80 ||   141
       Dazzling Flash    |       |     2 |       |       ||     2
       Fulminant Prism   |       |       |    10 |    10 ||    20
       Poisonous Vapours |       |       |     2 |    48 ||    50
       Olgreb's Toxic Ra |       |       |       |    19 ||    19
       Invisibility      |       |       |       |     4 ||     4
       Metabolic Englaci |       |       |       |     1 ||     1
Invok: Potion Petition   |       |       |       |     1 ||     1
Evoke: Wand              |       |       |     4 |     7 ||    11
  Use: Scroll            |     6 |       |    11 |     4 ||    21
       Potion            |       |       |       |     2 ||     2
 Stab: Sleeping          |       |       |     1 |     2 ||     3
       Invisible         |       |       |       |     3 ||     3
       Paralysed         |       |       |       |     2 ||     2
       Distracted        |       |       |       |     1 ||     1
Armor: Robe              |       |       |     6 |    29 ||    35
Dodge: Dodged            |     1 |     4 |    20 |   101 ||   126
Block: Buckler           |       |     3 |     7 |    62 ||    72
